 Dungeon Crawl Stone Soup version 0.28.0 (webtiles) character file.

Game seed: 12338756695479298387

823 hikkokomori the Shield-Bearer (level 8, -6/60 (65) HPs)
             Began as a Formicid Fighter on Feb 8, 2022.
             Mangled by an orc warrior (17 damage)
             ... on level 5 of the Dungeon.
             The game lasted 00:09:36 (4698 turns).

hikkokomori the Shield-Bearer (Formicid Fighter)    Turns: 4698, Time: 00:09:37

HP:   -6/60 (65)    AC:  9    Str: 22    XL:     8   Next: 17%
MP:   8/8           EV:  7    Int:  9    God:
Gold: 176           SH:  5    Dex: 10    Spells: 7/7 levels left

rFire   . . .      SeeInvis +   q - +1 flail (vorpal)
rCold   . . .      Faith    .   c - +0 buckler
rNeg    + . .      Spirit   .   e - +0 chain mail
rPois   .          Reflect  .   (helmet unavailable)
rElec   .          Harm     .   (no cloak)
rCorr   .          Rampage  .   (no gloves)
Will    .....                   (no boots)
Stlth   ..........              (no amulet)
HPRegen 0.20/turn               l - ring of positive energy
MPRegen 0.11/turn               (no ring)

@: drained
A: permanent stasis, dig shafts and tunnels, antennae 3, four strong arms
a: Dig, Shaft Self


You were on level 5 of the Dungeon.
You visited 1 branch of the dungeon, and saw 5 of its levels.

You collected 176 gold pieces.

Inventory:

Hand Weapons
 a - a +0 war axe
 q - a +1 vorpal flail (weapon)
Missiles
 h - 51 sling bullets
 i - 225 stones
 p - 3 poisoned darts
Armour
 b - a +0 scale mail
 c - a +0 buckler (worn)
 e - a +0 chain mail (worn)
Jewellery
 l - a ring of positive energy (left hand)
Scrolls
 k - 2 scrolls of teleportation {unknown}
 m - 3 scrolls of enchant weapon {unknown}
 s - 2 scrolls of magic mapping {unknown}
 t - 2 scrolls of noise {unknown}
 v - 2 scrolls of identify
Potions
 d - 3 potions of might
 f - 4 potions of curing
 g - 2 potions of cancellation {unknown}
 j - 3 potions of mutation
 n - 2 potions of flight
 o - a potion of brilliance {unknown}
 r - a potion of invisibility {unknown}
 u - a potion of lignification {unknown}


   Skills:
 + Level 6.4 Fighting
 + Level 5.3 Axes
 - Level 3.2 Armour
 - Level 6.8 Shields


You had 7 spell levels left.
You didn't know any spells.
Your spell library contained the following spells:

 Spells                   Type           Power      Damage    Failure   Level
 Pain                     Necr           0%         1d4       99%         1
 Gell's Gravitas          Tloc           0%         N/A       100%        3
 Stone Arrow              Conj/Erth      0%         3d7       100%        3
 Animate Armour           Summ/Erth      0%         N/A       100%        4
 Agony                    Necr           0%         N/A       100%        5
 Excruciating Wounds      Necr           0%         N/A       100%        5
 Disjunction              Tloc           0%         N/A       100%        8
 Blink                    Tloc           Unusable   N/A       N/A         2

Dungeon Overview and Level Annotations

Branches:
Dungeon (5/15)
 Temple: D:4-7

Altars:

Shops:
D:1 [(   D:2 :


Innate Abilities, Weirdness & Mutations

You cannot be hasted, slowed, berserked, paralysed or teleported.
You can dig through walls and to a lower floor.
You have a pair of large antennae on your head. (SInv)
Your four strong arms can wield two-handed weapons with a shield.


Message History

There is a stone staircase leading down here.
You pick up the Incunabulum of the Spatial Mountains and begin reading...
You add the spells Stone Arrow, Gell's Gravitas, Animate Armour and Disjunction to your library.
You sense a monster nearby.
You sense a monster nearby.
You sense a monster nearby.
You sense a monster nearby.
You sense a monster nearby.
An orc warrior and an iguana come into view.
The orc warrior shouts!
A bullfrog zombie comes into view.
You barely miss the orc warrior. You closely miss the orc warrior.
The orc warrior barely misses you.
The orc warrior hits you with a +0 scimitar!!
You thump the orc warrior!
The orc warrior is moderately wounded.
The orc warrior hits you with a +0 scimitar!
You are too injured to fight recklessly!
You are too injured to fight recklessly!
Unknown command.
Press: ? - help, v - describe, . - travel
Here: an orc warrior, wielding a +0 scimitar and wearing a +0 plate armour (moderately wounded)
The floor, spattered with blood.
You hit the orc warrior.
The orc warrior is heavily wounded.
The orc warrior hits you but does no damage.
Unknown command.
You barely miss the orc warrior.
The orc warrior is heavily wounded.
The orc warrior hits you with a +0 scimitar. x2
You barely miss the orc warrior.
The orc warrior is heavily wounded.
The orc warrior hits you with a +0 scimitar!
* * * LOW HITPOINT WARNING * * *
Unknown command.
You closely miss the orc warrior.
The orc warrior is heavily wounded.
A hound zombie comes into view.
The orc warrior hits you with a +0 scimitar!
You die...

#.# #.##.##.##### #.##########
#.......# # #######.##.......#
#.......# # ........##.......#
#....##.#####
.##.##..##.......###..####......
..................##............
#.##.##.##.##.....##............
## ########........########## {
{##@...#..# # { #lo##### #
#ZZ##{ ####### ## #......
#.##### #.# # ###.#### #......##
#.#......


You could see an orc warrior, an iguana, a hound zombie (wandering) and a
bullfrog zombie.

Vanquished Creatures
  Pikel (D:4)
  A lemure (D:4)
  2 howler monkeys
  A scorpion zombie (D:5)
  2 hound skeletons
  Robin (D:4)
  8 adders
  An ufetubus (D:4)
  An adder skeleton (D:4)
  3 worms
  3 dart slugs
  10 orcs
  8 ball pythons
  A bat (D:3)
  6 endoplasms
  5 giant cockroaches
  20 goblins
  10 hobgoblins
  3 jackals (D:2)
  7 quokkas
  4 frilled lizards
  10 kobolds
  9 rats
117 creatures vanquished.

Notes
Turn   | Place    | Note
-------+----------+-------------------------------------------
     0 | D:1      | hikkokomori the Formicid Fighter began the quest for the
                  | Orb.
     0 | D:1      | Reached XP level 1. HP: 18/18 MP: 1/1
    90 | D:1      | Found Mowedd's Weapon Shoppe.
   289 | D:1      | Reached XP level 2. HP: 24/24 MP: 2/2
   428 | D:1      | Found Synewimo's Armour Emporium.
   645 | D:1      | Reached XP level 3. HP: 22/30 MP: 3/3
  1353 | D:2      | Found Ischib's Book Shoppe.
  1480 | D:2      | Found a faded altar of an unknown god.
  1517 | D:2      | Reached XP level 4. HP: 37/37 MP: 4/4
  2236 | D:3      | Reached XP level 5. HP: 27/42 MP: 5/5
  2469 | D:3      | Reached skill level 5 in Shields
  3059 | D:4      | Noticed Robin
  3138 | D:4      | Reached XP level 6. HP: 49/49 MP: 6/6
  3659 | D:4      | Killed Robin
  3660 | D:4      | Reached skill level 5 in Fighting
  3958 | D:4      | Noticed Pikel
  3979 | D:4      | Killed Pikel
  3980 | D:4      | Reached skill level 5 in Axes
  3980 | D:4      | Reached XP level 7. HP: 19/58 MP: 7/7
  3980 | D:4      | Reached XP level 8. HP: 21/64 MP: 8/8
  4357 | D:5      | Entered Level 5 of the Dungeon
  4673 | D:5      | Got the Incunabulum of the Spatial Mountains
  4698 | D:5      | Mangled by an orc warrior

Illustrated notes

Levels and vault maps discovered:
D:1:      saegor_arrival_simple_b, layout_loops_corners, serial_shops,
          nicolae_shop_bloodbath_and_beyond, shop
D:2:      minmay_spotlight, layout_basic,
          dreamdust_ecumenical_altar_angels_and_demons, serial_shops,
          nicolae_shop_waterfront
D:3:      layout_rooms, palyth_stone_intersect
D:4:      layout_rooms, uniq_pikel, uniq_robin
D:5:      layout_loops_cross, hangedman_decor_clover_reticule,
          minmay_manual_macuahuitl, uniq_duvessa

Skill      XL: |  1  2  3  4  5  6 |
---------------+-------------------+-----
Shields        | 4 5 6 |  6.8
Fighting       | 4 6 |  6.4
Axes           | 3 5 |  5.3
Armour         | |  3.2

Action                   |  1- 3 |  4- 6 |  7- 9 || total
-------------------------+-------+-------+-------++-------
Melee: War axe           |    98 |    73 |       ||   171
       Flail             |       |   111 |    32 ||   143
 Abil: Dig               |     1 |       |     2 ||     3
  Use: Potion            |       |     1 |       ||     1
       Scroll            |       |       |     3 ||     3
Armor: Scale mail        |     8 |       |       ||     8
       Chain mail        |    47 |   140 |    15 ||   202
Dodge: Dodged            |    35 |    91 |    11 ||   137
Block: Buckler           |    16 |    38 |     7 ||    61
